 Dungeon Crawl Stone Soup version 0.29-a0-982-gaed3a0c8d8 (webtiles) character file.

Game seed: 10600997235171741214

20 spiderkeys the Chopper (level 2, 0/27 HPs)
             Began as a Hill Orc Monk on Aug 2, 2022.
             Slain by a bat (1 damage)
             ... on level 2 of the Dungeon.
             The game lasted 00:00:44 (606 turns).

spiderkeys the Chopper (Hill Orc Monk)               Turns: 606, Time: 00:00:45

Health: 0/27       AC:  2    Str: 12 (13) XL:     2   Next: 79%
Magic:  2/2        EV: 12    Int:  9 (10) God:
Gold:   63         SH:  0    Dex: 12 (13) Spells: 1/1 levels left

rFire   . . .      SeeInvis .   a - +0 hand axe
rCold   . . .      Faith    .   (no shield)
rNeg    . . .      Spirit   .   b - +0 robe
rPois   .          Reflect  .   (no helmet)
rElec   .          Harm     .   (no cloak)
rCorr   .          Rampage  .   (no gloves)
Will    .....                   (no boots)
Stlth   ++........              (no amulet)
HPRegen 0.09/turn               (no ring)
MPRegen 0.08/turn               (no ring)

@: on berserk cooldown, slowed, very slow
A: no striking features
a: no special abilities


You were on level 2 of the Dungeon.
You visited 1 branch of the dungeon, and saw 2 of its levels.

You collected 63 gold pieces.


   Skills:
 + Level 4.0 Fighting
 + Level 4.4 Axes
 + Level 1.2 Armour
 - Level 2.4 Dodging
 - Level 1.5 Stealth


You had one spell level left.
You didn't know any spells.
Your spell library was empty.

Inventory:

Hand Weapons
 a - a +0 hand axe (weapon)
Missiles
 h - 6 stones (quivered)
Armour
 b - a +0 robe (worn)
 e - a +0 leather armour
   (You found it on level 1 of the Dungeon)
 g - a +0 robe
   (You found it on level 1 of the Dungeon)
Potions
 c - a potion of ambrosia

Dungeon Overview and Level Annotations

Branches:
Dungeon (1/15) Zot: 11387

Altars:
Okawaru

#.# #.#
########.#
#######........#
#.......########
#.###.#.###
#!.......†#
#.###.###.#
#..@b.#.#
#.....#..
#..........#
#.#...>.#..#
#.#.....#..# #
###.###..# ... #
##.


You could see a bat.


Message History

You take 4 damage, and now have 17/27 hp.
You are too injured to fight recklessly!
You are too injured to fight recklessly!
You are too injured to fight recklessly!
You are too injured to fight recklessly!
You miss the adder. The bat misses you. The adder completely misses you.
You miss the adder. You hit the bat. The bat misses you.
The bat hits you but does no damage. The adder bites you but does no damage.
The bat hits you but does no damage.
You closely miss the adder. You miss the bat.
The bat hits you but does no damage. The adder barely misses you.
The adder bites you but does no damage. 😮 HP[+1]
You closely miss the adder. The bat barely misses you.
The adder barely misses you.
You barely miss the adder. You punch the adder. The bat misses you.
The adder closely misses you. The adder misses you.
You miss the adder. The bat hits you but does no damage. The adder misses you.
You hit the adder but do no damage. The adder misses you.
The bat barely misses you. The adder closely misses you.
You miss the adder. You closely miss the bat. The bat hits you. x2
The adder closely misses you. 😮 HP[-2]
You take 2 damage, and now have 16/27 hp.
You hit the adder. You closely miss the bat. The bat closely misses you.
The adder barely misses you.
You closely miss the adder. The adder completely misses you.
The bat hits you but does no damage. The adder bites you.
* * * LOW HITPOINT WARNING * * *
You are poisoned.
The adder poisons you! 😨 HP[-3]
You take 3 damage, and now have 13/27 hp.
You hit the adder but do no damage.
You feel sick. The bat barely misses you. The adder bites you.
* * * LOW HITPOINT WARNING * * *
😨 HP[-4]
You take 4 damage, and now have 9/27 hp.
You closely miss the adder.
You feel sick. The adder closely misses you. The adder bites you.
* * * LOW HITPOINT WARNING * * *
The bat closely misses you. 😱 HP[-3]
You take 3 damage, and now have 6/27 hp.
You hit the adder.
You kill the adder!
You closely miss the bat.
You feel sick. The bat hits you but does no damage.
Your Fighting skill increases to level 4!
Unknown command.
It was a potion of berserk rage.
A red film seems to cover your vision as you go berserk!
You feel yourself moving faster!
You feel mighty!
You feel sick. The bat barely misses you. 😱 HP[+2]
You now have 40 max hp (+13).
You regained 2 hp, and now have 8/40 hp.
You closely miss the bat. The bat hits you but does no damage.
You feel sick. The bat closely misses you. 😱 HP[-1]
You take 1 damage, and now have 7/40 hp.
A bat comes into view.
You feel a strong urge to attack something.
You feel sick.
You are no longer poisoned.
The bat misses you. 😱 HP[-1]
You take 1 damage, and now have 6/40 hp.
Found a stone staircase leading down.
The bat closely misses you. The bat hits you.
* * * LOW HITPOINT WARNING * * *
The bat closely misses you. 😱 HP[-1]
You take 1 damage, and now have 5/40 hp.
You feel your anger nearly subside.
You are no longer berserk.
You are exhausted.
You feel yourself slow down. The bat barely misses you. The bat hits you.
* * * LOW HITPOINT WARNING * * *
😱 HP[-3]
You now have 27 max hp (-13).
You hit the bat.
You kill the bat!
You hit the bat. The bat barely misses you. The bat hits you.
* * * LOW HITPOINT WARNING * * *
😱 HP[-1]
You take 1 damage, and now have 1/27 hp.
It was a potion of degeneration.
There was something very wrong with that liquid.
You feel weakened.
You feel dopey.
You feel clumsy. The bat misses you.
Throw: 7 stones
Press: ? - help, Shift-Dir - straight line, f - bat
Aim: a bat (heavily wounded, 44% to hit)
You throw a stone. The stone closely misses the bat.
The bat hits you but does no damage. x2 😱 HP[+1]
You closely miss the bat. The bat hits you.
* * * LOW HITPOINT WARNING * * *
The bat hits you.
You die...

Skill      XL: |  1  2 |
---------------+-------+-----
Armour         | 1 |  1.2
Fighting       | 4 |  4.0
Axes           | |  4.4
Dodging        | |  2.4
Stealth        | |  1.5

Action                   || total
-------------------------++-------
Melee: Hand axe          ||    44
       Punch             ||     1
Throw: Stone             ||     1
  Use: Potion            ||     2
 Stab: Sleeping          ||     2
Armor: Robe              ||    17
Dodge: Dodged            ||    46

Levels and vault maps discovered:
D:1:      kilobyte_arrival_exit_the_forest, layout_basic, serial_shops,
          nicolae_shop_window_shopping, serial_forest,
          infiniplex_forest_lined_4_way, infiniplex_forest_corner_2,
          infiniplex_forest_straight_2, infiniplex_forest_clump_diagonal,
          infiniplex_forest_lined_room_2, infiniplex_forest_straight_2,
          infiniplex_forest_end_2
D:2:      layout_loops_ring, basic_altar, serial_bayou_ford_a, st_stairs_3,
          uniq_natasha, uniq_terence, uniq_sigmund

Notes
Turn   | Place    | Note
-------+----------+-------------------------------------------
     0 | D:1      | spiderkeys the Hill Orc Monk began the quest for the Orb.
     0 | D:1      | Reached XP level 1. HP: 19/19 MP: 1/1
     0 | D:1      | magus.rc [v1.11.3]
   252 | D:1      | You fall into a shaft and drop 1 floor!
   274 | D:2      | Found an iron altar of Okawaru.
   282 | D:2      | Reached XP level 2. HP: 24/27 MP: 2/2
   340 | D:2      | Reached skill level 1 in Armour
   595 | D:2      | HP: 6/27 [adder (1)]
   597 | D:2      | Reached skill level 4 in Fighting
   600 | D:2      | HP: 6/40 [poisoned by an adder]
   602 | D:2      | HP: 2/27 [bat (1)]
   606 | D:2      | Slain by a bat

Vanquished Creatures
  An adder (D:2)
  A worm (D:2)
  2 bats
  An endoplasm (D:2)
  2 hobgoblins (D:1)
  A rat (D:1)
8 creatures vanquished.

Table legend:
 A = Non-vault XP
 B = Vault XP
 C = Vault XP percentage of total XP
 D = Non-vault monster count
 E = Vault monster count
 F = Vault count percentage of total count
                 A         B        C        D         E       F
            +---------+---------+-------+---------+---------+-------
      Total |      27 |       2 |   6.9 |       7 |       1 |  12.5
            +---------+---------+-------+---------+---------+-------
        D:1 |       7 |       0 |   0.0 |       4 |       0 |   0.0
        D:2 |      20 |       2 |   9.1 |       3 |       1 |  25.0
            +---------+---------+-------+---------+---------+-------

Illustrated notes

Table legend:
 A = Kills in this place as a percentage of kills in entire the game.
 B = Kills by you in this place as a percentage of kills by you in the entire game.
 C = Kills by friends in this place as a percentage of kills by friends in the entire game.
 D = Other kills in this place as a percentage of other kills in the entire game.
 E = Experience gained in this place as a percentage of experience gained in the entire game.
 F = Experience gained in this place divided by the number of levels of this place that you have seen.
                   A       B       C       D       E      F
               +-------+-------+-------+-------+-------+----------------------
         Total | 100.0 | 100.0 |   N/A |   N/A | 100.0 |  14.5
       Dungeon | 100.0 | 100.0 |   N/A |   N/A | 100.0 |  14.5
               +-------+-------+-------+-------+-------+----------------------

Table legend: (Time is in decaauts)
 A = Elapsed time spent in this place.
 B = Non-inter-level travel time spent in this place.
 C = Inter-level travel time spent in this place.
 D = Time resting spent in this place.
 E = Time spent auto-exploring this place.
 F = Levels seen in this place.
 G = Mean time per level.
                   A        B        C        D        E       F      G
               +--------+--------+--------+--------+--------+-----+--------+
         Total |    610 |    610 |      0 |      0 |    523 |   2 |  305.0 |
       Dungeon |    610 |    610 |      0 |      0 |    523 |   2 |  305.0 |
               +--------+--------+--------+--------+--------+-----+--------+

Top non-repeatable levels by time:
     D:2: 357 daAuts
     D:1: 253 daAuts
